 Dungeon Crawl Stone Soup version 0.30-a0-772-g5528072125 (webtiles) character file.

Game seed: 10699832718826207492

35 holysushi the Cutter (level 3, -1/19 HPs)
             Began as a Vine Stalker Monk on Feb 12, 2023.
             Slain by Sigmund
             ... wielding a +0 scythe
              (3 damage)
             ... on level 2 of the Dungeon.
             The game lasted 00:01:08 (1149 turns).

holysushi the Cutter (Vine Stalker Monk)            Turns: 1149, Time: 00:01:08

Health: -1/19      AC:  2    Str: 13    XL:     3   Next: 35%
Magic:  0/4        EV: 13    Int: 10    God:
Gold:   28         SH:  0    Dex: 18    Spells: 2/2 levels left

rFire   . . .      SeeInvis .    a - +0 short sword
rCold   . . .      Faith    .    (no shield)
rNeg    . . .      Spirit   +    b - +0 robe
rPois   .          Reflect  .    (no helmet)
rElec   .          Harm     .    (no cloak)
rCorr   .          Rampage  .    (no gloves)
Will    .....                    (no boots)
Stlth   ++                       g - amulet of regeneration
HPRegen 1.03/turn                (no ring)
MPRegen 0.09/turn                (no ring)

@: lethally poisoned (-1 -> -3)
A: fangs 2, magic shield, antimagic bite, no potion heal 2
a: no special abilities


You were on level 2 of the Dungeon.
You visited 1 branch of the dungeon, and saw 2 of its levels.

You collected 28 gold pieces.

Inventory:

Hand Weapons
 a - a +0 short sword (weapon)
Armour
 b - a +0 robe (worn)
Jewellery
 e - an amulet of the acrobat
 g - an amulet of regeneration (around neck)
Scrolls
 i - a scroll of identify
Potions
 f - a potion of invisibility
 h - 2 potions of brilliance {unknown}
 j - 2 potions of resistance


   Skills:
 - Level 2.6 Fighting
 + Level 3.9 Short Blades
 - Level 2.4 Dodging
 - Level 2.4 Stealth


You had 2 spell levels left.
You didn't know any spells.
Your spell library was empty.

Dungeon Overview and Level Annotations

Branches:
Dungeon (2/15) Zot: 10860

Altars:

Annotations:
D:2 Sigmund


Innate Abilities, Weirdness & Mutations

You have extremely sharp teeth.
When hurt, damage is shared between your health and your magic reserves.
Your bite disrupts and absorbs the magic of your enemies.
Potions cannot restore your health.


Message History

You bump into the rock wall.
Sigmund falters for a moment.
Sigmund attacks as you move away! Sigmund hits you with a +0 scythe!
Ouch! That really hurt!
The adder attacks as you move away! The adder bites you.
Sigmund falters for a moment.
You are more confused.
Your system rejects the healing.
You feel invigorated. The adder barely misses you.
Sigmund drinks a potion.
Sigmund suddenly seems more resistant.
The adder attacks as you move away! The adder closely misses you.
The adder hisses angrily.
Sigmund falters for a moment.
The adder closely misses you.
You bump into the rock wall.
The adder closely misses you. The adder barely misses you. Sigmund misses you.
You see here a worm corpse.
You feel less invigorated.
You bump into the rock wall.
The adder barely misses you. The adder closely misses you.
Sigmund casts a spell.
Sigmund flickers and vanishes!
Deactivating autopickup; reactivate with Ctrl-A.
The adder bites you.
You feel less confused. Something hits you! The adder bites you.
The adder misses you.
It was a potion of curing.
That felt strangely inert.
The adder bites you.
You are poisoned.
The adder poisons you! The adder closely misses you.
A magic dart appears from out of thin air!
The magic dart hits you.
* * * LOW HITPOINT WARNING * * *
As you read the scroll labelled LURPHAN TUNELA, it crumbles to dust.
It is a scroll of identify.
f - a potion of invisibility You feel sick.
The adder bites you.
* * * LOW HITPOINT WARNING * * *
You are more poisoned.
The adder poisons you! The adder bites you.
* * * LOW HITPOINT WARNING * * *
Something hits you.
You die...

.........#
#.....<# #.#.##.#
#.# # #.# ##. #.#
###...###†######..
...?...{.SS.......
###......@######..
##..##### ##. #


You could see 2 adders.

Vanquished Creatures
  A worm (D:2)
  2 dart slugs (D:1)
  An endoplasm (D:1)
  2 goblins (D:1)
  3 hobgoblins (D:1)
  2 jackals (D:1)
  2 quokkas (D:1)
  3 ball pythons (D:1)
  4 bats (D:1)
  3 kobolds (D:1)
  3 rats (D:1)
26 creatures vanquished.

Notes
Turn   | Place    | Note
-------+----------+-------------------------------------------
     0 | D:1      | holysushi the Vine Stalker Monk began the quest for the
                  | Orb.
     0 | D:1      | Reached XP level 1. HP: 11/11 MP: 2/2
    66 | D:1      | Reached skill level 3 in Short Blades
    76 | D:1      | Reached XP level 2. HP: 16/16 MP: 3/3
   573 | D:1      | Reached XP level 3. HP: 19/19 MP: 4/4
  1131 | D:2      | Noticed Sigmund
  1149 | D:2      | Slain by Sigmund

Illustrated notes

Levels and vault maps discovered:
D:1:      dpeg_arrival_chambers_temple_mockup, layout_basic,
          kennysheep_another_room, interstate_on_off, minmay_heptomino_l4
D:2:      minmay_inner_zag, layout_loops_corners, grunt_decor_fettered,
          minmay_indecisive_spiral, uniq_sigmund, uniq_jessica

Skill      XL: |  1 |
---------------+----+-----
Short Blades   | 3 |  3.9
Fighting       | |  2.6
Dodging        | |  2.4
Stealth        | |  2.4

Action                     || total
---------------------------++-------
  Melee: Short sword       ||    59
         Bite              ||    15
    Use: Potion            ||     2
         Scroll            ||     1
   Stab: Sleeping          ||     8
 Armour: Robe              ||    10
  Dodge: Dodged            ||    37

Table legend: (Time is in decaauts)
 A = Elapsed time spent in this place.
 B = Non-inter-level travel time spent in this place.
 C = Inter-level travel time spent in this place.
 D = Time resting spent in this place.
 E = Time spent auto-exploring this place.
 F = Levels seen in this place.
 G = Mean time per level.
                   A        B        C        D        E       F      G
               +--------+--------+--------+--------+--------+-----+--------+
         Total |   1138 |   1119 |     19 |      0 |    895 |   2 |  569.0 |
       Dungeon |   1138 |   1119 |     19 |      0 |    895 |   2 |  569.0 |
               +--------+--------+--------+--------+--------+-----+--------+

Top non-repeatable levels by time:
     D:1: 1111 daAuts
     D:2: 27 daAuts
